 Dungeon Crawl Stone Soup version 0.23-a0-313-gf30bb39 (webtiles) character file.

224 SunlightBlade the Ruffian (level 5, -4/49 HPs)
             Began as a Troll Conjurer on Oct 12, 2018.
             Slain by a hornet zombie (10 damage)
             ... on level 5 of the Dungeon.
             The game lasted 00:09:40 (3376 turns).

SunlightBlade the Ruffian (Troll Conjurer)          Turns: 3376, Time: 00:09:41

Health: -4/49      AC:  5    Str: 16    XL:     5   Next: 67%
Magic:  5/5        EV:  7    Int: 12    God:
Gold:   168        SH:  7    Dex: 10    Spells: 5/6 levels left

rFire    . . .     SeeInvis .     - Unarmed
rCold    . . .     Gourm    +   i - +0 shield
rNeg     . . .     Faith    .   a - +0 robe
rPois    .         Spirit   .   (helmet restricted)
rElec    .         Reflect  .   (no cloak)
rCorr    .         Harm     .   (gloves unavailable)
MR       .....                  (boots unavailable)
Stlth    +.........             (no amulet)
HPRegen  0.56/turn              (no ring)
MPRegen  0.09/turn              (no ring)

@: no status effects
A: large, unfitting armour, claws 3, fast metabolism 3, gourmand, regeneration
1, shaggy fur 1, tough skin 2
a: no special abilities


You were on level 5 of the Dungeon.
You were completely stuffed.

You visited 1 branch of the dungeon, and saw 5 of its levels.

You collected 168 gold pieces.

Inventory:

Armour
 a - a +0 robe (worn)
 i - a +0 shield (worn)
Wands
 n - a wand of paralysis (13)
Scrolls
 b - 3 scrolls of fear {unknown}
 e - 2 scrolls of enchant weapon {unknown}
 g - 8 scrolls of identify {unknown}
 h - 5 scrolls of remove curse {unknown}
 j - a scroll of teleportation {unknown}
 k - a scroll of magic mapping {unknown}
 l - a scroll of amnesia {unknown}
Potions
 f - a potion of flight {unknown}
 m - a potion of brilliance {unknown}
Comestibles
 c - 12 rations
 d - 5 chunks of flesh


   Skills:
 + Level 2.0 Fighting
 - Level 1.5 Dodging
 - Level 1.0 Stealth
 * Level 1.9 Shields
 * Level 3.9 Unarmed Combat
 - Level 1.2 Spellcasting
 - Level 2.9 Conjurations


You had 5 spell levels left.
You knew the following spells:

 Your Spells              Type           Power        Failure   Level  Hunger
a - Magic Dart            Conj           #...         36%         1    ##.....

Your spell library contained the following spells:

 Spells                   Type           Power        Failure   Level  Hunger
 Searing Ray              Conj           #.....       52%         2    ###....
 Beastly Appendage        Tmut           #.....       80%         1    ##.....
 Sticks to Snakes         Tmut           #.......     90%         2    ###....
 Dazzling Spray           Conj/Hex       #.....       91%         3    ####...
 Iskenderun's Mystic Bla  Conj           #.......     98%         4    #####..
 Spider Form              Tmut/Pois      #.........   99%         3    ####...
 Force Lance              Conj/Tloc      #.......     100%        4    #####..
 Fulminant Prism          Conj/Hex       #.........   100%        4    #####..
 Ice Form                 Ice/Tmut       #.......     100%        4    #####..
 Blade Hands              Tmut           #.........   100%        5    ######.


Dungeon Overview and Level Annotations

Branches:
Dungeon (5/15)
 Temple: D:4-7

Altars:
Dithmenos
Kikubaaqudgha
Uskayaw

Annotations:
D:5 Edmund


Innate Abilities, Weirdness & Mutations

You are too large for most types of armour.
You have claws for hands.
Your metabolism is lightning-fast.
You like to eat raw meat.
Your natural rate of healing is unusually fast.
You are covered in fur. (AC +1)
You have very tough skin. (AC +2)


Message History

You scratch the hornet zombie but do no damage.
The hornet zombie is moderately damaged.
The hornet zombie hits you.
Your shield prevents you from hitting the hornet zombie.
The hornet zombie is moderately damaged.
The hornet zombie hits you!
* * * LOW HITPOINT WARNING * * *
You block the hornet zombie's attack.
You scratch the hornet zombie.
The hornet zombie is heavily damaged.
The hornet zombie hits you.
* * * LOW HITPOINT WARNING * * *
You barely miss the hornet zombie.
The hornet zombie is heavily damaged.
The hornet zombie hits you.
* * * LOW HITPOINT WARNING * * *
You scratch the hornet zombie.
The hornet zombie is heavily damaged.
The hornet zombie hits you!
You die...

# #. .# ## .# ... ### .# #.#
#.. .# #.# #.##.# .# #.# .#
#Z##.# .#####.#####.# #@##.#
...........#.###.##.#
..#...............#.#
#.#.##.#.....###..#.#
#.#.##..>....# #..#.##
#.#.####.....# #..>..########
#.#..# #..<..###.............
#.##.#####.#.........########
..#...####.#...#..#.......


You could see a hornet zombie.

Vanquished Creatures
  A jelly (D:4)
  A centaur skeleton (D:4)
  A worker ant (D:4)
  4 adders
  A howler monkey skeleton (D:4)
  A shadow imp (D:5)
  An adder skeleton (D:5)
  A worm (D:2)
  A dart slug (D:4)
  5 leopard geckos
  9 orcs
  8 bats
  3 giant cockroaches
  4 goblins
  6 hobgoblins
  8 jackals
  A kobold (D:2)
  A quokka (D:4)
  A ball python (D:1)
  3 frilled lizards
  A jackal skeleton (D:4)
  7 rats
  A bush (D:4)
70 creatures vanquished.

Notes
Turn   | Place    | Note
-------+----------+-------------------------------------------
     0 | D:1      | SunlightBlade the Troll Conjurer began the quest for the
                  | Orb.
     0 | D:1      | Reached XP level 1. HP: 16/16 MP: 1/1
   218 | D:1      | Reached skill level 1 in Unarmed Combat
   245 | D:1      | Reached XP level 2. HP: 25/26 MP: 2/2
   705 | D:2      | Reached skill level 2 in Unarmed Combat
   727 | D:2      | Reached skill level 1 in Fighting
   795 | D:2      | Reached XP level 3. HP: 32/33 MP: 1/3
  1613 | D:3      | Reached XP level 4. HP: 31/41 MP: 4/4
  1705 | D:3      | Found a shadowy altar of Dithmenos.
  1763 | D:3      | Reached skill level 3 in Unarmed Combat
  2164 | D:4      | Reached skill level 1 in Shields
  2493 | D:4      | Reached XP level 5. HP: 21/49 MP: 5/5
  2722 | D:4      | Found an ancient bone altar of Kikubaaqudgha.
  2816 | D:4      | Found a hide-covered altar of Uskayaw.
  3134 | D:5      | Entered Level 5 of the Dungeon
  3223 | D:5      | Noticed Edmund
  3376 | D:5      | Slain by a hornet zombie

Vault maps used:
D:1:      dpeg_arrival_orchard
D:3:      nicolae_dithmenos_through_a_glass_darkly, serial_glass,
          glass_columns_a, glass_columns_a, glass_columns_b, glass_columns_a,
          glass_columns_a, glass_columns_a, glass_columns_a, glass_columns_b,
          glass_columns_b, glass_columns_a, glass_columns_b, glass_columns_a,
          glass_columns_a, glass_columns_a
D:4:      old_standard_altar, marbit_many_paths, serial_forest,
          infiniplex_forest_clump_small, infiniplex_forest_clump_small,
          infiniplex_forest_straight_2, infiniplex_forest_lined_4_way,
          infiniplex_forest_lined_corner, infiniplex_forest_lined_room_2,
          infiniplex_forest_end_2
D:5:      grunt_temple_overflow_holy_war, trog_eyes_of_draining, first_ration,
          uniq_edmund

Skill      XL: |  1  2  3  4  5 |
---------------+----------------+-----
Unarmed Combat | 1 2 3 |  3.9
Fighting       | 1 2 |  2.0
Shields        | 1 |  1.9
Dodging        | |  1.5
Stealth        | |  1.0
Spellcasting   | |  1.2
Conjurations   | |  2.9

Action                   |  1- 3 |  4- 6 || total
-------------------------+-------+-------++-------
Melee: Unarmed           |   103 |   129 ||   232
 Cast: Magic Dart        |    21 |     9 ||    30
 Stab: Sleeping          |     1 |     3 ||     4
       Distracted        |       |     1 ||     1
  Eat: Chunk             |    21 |    17 ||    38
Armor: Robe              |    51 |    17 ||    68
Dodge: Dodged            |    82 |    16 ||    98
Block: Shield            |     3 |    24 ||    27

Table legend:
 A = Non-vault XP
 B = Vault XP
 C = Vault XP percentage of total XP
 D = Non-vault monster count
 E = Vault monster count
 F = Vault count percentage of total count
                 A         B        C        D         E       F
            +---------+---------+-------+---------+---------+-------
      Total |     321 |       0 |   0.0 |      69 |       0 |   0.0
            +---------+---------+-------+---------+---------+-------
        D:1 |      22 |       0 |   0.0 |      13 |       0 |   0.0
        D:2 |      66 |       0 |   0.0 |      26 |       0 |   0.0
        D:3 |      18 |       0 |   0.0 |       8 |       0 |   0.0
        D:4 |     170 |       0 |   0.0 |      12 |       0 |   0.0
        D:5 |      45 |       0 |   0.0 |      10 |       0 |   0.0
            +---------+---------+-------+---------+---------+-------
